Map: Eastwatch LE

Players

Plasmid

  • Race: Zerg Zerg
  • League: Diamond
  • Spawn Location: 1:00

Coftea - Winner!

  • Race: Protoss Protoss
  • League: Master
  • Spawn Location: 7:00

VOD

Have the link to the VOD?

Description

Opponent multi-task killed me

Time

  • Played on: April 3, 2018, 8:17 p.m.
  • Length: 12:14
Show
View Real Time Build Order
Export as new Build Order

Plasmid Zerg 

Build Orders: Hatch First 

Get SALT Encoding   

  12  0:01  Drone  
  13  0:13  Overlord  
  13  0:19  Drone  
  14  0:33  Drone  
  14  0:34  Drone  
  16  0:37  Drone  
  17  0:48  Drone  
  18  0:57  Hatchery  
  18  1:02  Drone  
  18  1:03  Extractor  
  17  1:11  Drone  
  18  1:24  Spawning Pool  
  18  1:25  Drone  
  18  1:33  Drone  
  20  1:40  Drone  
  20  1:51  Overlord  
  21  2:01  Drone  
  21  2:10  Queen  
  21  2:11  Zergling x4  
  21  2:12  Queen  
  21  2:13  Metabolic Boost  
  27  2:19  Drone  
  28  2:24  Drone  
  29  2:31  Overlord  
  29  2:39  Drone  
  30  2:47  Drone, Hatchery  
  30  2:59  Drone x3  
  30  3:02  Queen  
  34  3:06  Overlord  
  34  3:11  Zergling x2  
  35  3:15  Zergling x2  
  36  3:20  Drone x3  
  36  3:21  Drone x2  
  41  3:31  Drone x4  
  44  3:41  Drone  
  45  3:49  Extractor  
  45  3:51  Drone x3  
  45  3:52  Drone  
  46  3:59  Spore Crawler  
  46  4:01  Spore Crawler  
  45  4:02  Drone  
  45  4:03  Drone x5  
  50  4:17  Zergling x4  
  50  4:18  Zergling x4  
  51  4:33  Drone  
  51  4:34  Drone x3  
  50  4:43  Drone x3  
  50  4:44  Drone x5  
  50  4:45  Queen  
  56  4:47  Lair  
  54  4:55  Spore Crawler  
  53  5:05  Queen  
  53  5:06  Drone x3  
  58  5:07  Evolution Chamber, Overlord x3  
  58  5:08  Evolution Chamber  
  54  5:21  Drone x3  
  49  5:22  Drone x3  
  54  5:33  Drone  
  54  5:34  Drone x5  
  60  5:37  Drone  
  61  5:46  Drone  
  61  5:47  Drone x2  
  63  5:52  Drone  
  63  5:53  Drone x2, Hydralisk Den  
  63  5:54  Extractor x2  
  63  6:02  Zerg Ground Armor Level 1, Zerg Melee Weapons Level 1  
  63  6:10  Drone, Hatchery  
  63  6:11  Drone x7  
  70  6:33  Overlord  
  70  6:34  Spore Crawler, Overlord x4  
  70  6:38  Overseer  
  69  6:46  Spine Crawler  
  68  6:51  Baneling Nest  
  68  6:52  Hydralisk x2  
  68  6:53  Hydralisk  
  70  7:05  Zergling x2  
  70  7:06  Zergling x22  
  70  7:07  Zergling x4  
  78  7:16  Zergling x8  
  80  7:34  Hydralisk x5  
  89  7:40  Drone  
  89  7:41  Drone x5  
  95  7:55  Muscular Augments  
  95  7:59  Zergling x10  
  95  8:00  Zergling x4  
  95  8:03  Extractor, Queen, Overlord x2  
  103  8:15  Infestation Pit  
  93  8:30  Baneling x4  
  92  8:46  Hydralisk  
  92  8:50  Hydralisk  
  92  8:51  Hydralisk x6  
  105  9:04  Zerg Melee Weapons Level 2  
  105  9:06  Zergling x2  
  105  9:07  Zergling x16  
  105  9:08  Overlord x2  
  105  9:09  Overlord x2  
  114  9:12  Overseer  
  114  9:32  Overseer  
  114  9:36  Drone x4  
  114  9:37  Drone x6  
  124  9:41  Spore Crawler  
  124  9:44  Grooved Spines  
  122  9:50  Baneling x2  
  122  9:51  Baneling x7  
  122  9:52  Baneling x4  
  119  9:53  Baneling  
  94  10:26  Zergling x2, Hydralisk  
  94  10:27  Zergling x10  
  94  10:28  Zergling x12  
  97  10:29  Zergling x6  
  75  10:59  Hydralisk  
  75  11:00  Hydralisk x6  
  75  11:01  Hydralisk x2  
  93  11:13  Spine Crawler  
  93  11:17  Spine Crawler  
  93  11:18  Baneling x5  
  91  11:19  Baneling  
Show
View Real Time Build Order
Export as new Build Order

Coftea Protoss - Winner!

Build Orders: 1 Gate Expand, Oracle Opening 

Get SALT Encoding   

  12  0:01  Probe  
  13  0:13  Probe  
  14  0:20  Pylon  
  14  0:25  Probe  
  15  0:38  Probe (Chrono Boost)  
  15  0:39  Gateway  
  16  0:47  Probe (Chrono Boost)  
  16  0:49  Assimilator  
  17  0:52  Probe  
  18  1:05  Probe  
  19  1:27  Nexus  
  19  1:33  Cybernetics Core  
  19  1:39  Probe  
  20  1:48  Pylon  
  20  1:51  Probe  
  21  1:59  Assimilator  
  21  2:03  Probe  
  22  2:09  Adept (Chrono Boost)  
  22  2:15  Probe  
  25  2:27  Probe  
  25  2:28  Adept  
  28  2:39  Probe  
  28  2:40  Probe  
  29  2:48  Stargate  
  29  2:51  Probe  
  29  2:56  Probe  
  29  2:58  Adept  
  33  2:59  Pylon  
  33  3:08  Probe  
  33  3:09  Probe  
  35  3:15  Warp Gate  
  35  3:21  Probe x2  
  37  3:33  Probe x2, Oracle  
  42  3:52  Probe x2  
  44  3:57  Robotics Facility  
  44  3:59  Shield Battery  
  44  4:04  Probe (Chrono Boost)  
  44  4:05  Probe (Chrono Boost), Pylon  
  46  4:10  Phoenix  
  46  4:13  Probe x2 (Chrono Boost)  
  50  4:25  Probe  
  51  4:36  Oracle  
  54  4:48  Probe  
  54  4:51  Pylon  
  51  4:53  Warp Prism  
  51  4:54  Twilight Council  
  51  4:58  Probe  
  51  4:59  Pylon  
  54  5:00  Probe  
  54  5:02  Gateway  
  54  5:03  Gateway  
  54  5:05  Gateway  
  55  5:11  Probe  
  56  5:16  Probe  
  57  5:25  Probe, Charge (Chrono Boost)  
  58  5:29  Immortal  
  58  5:30  Nexus, Pylon  
  62  5:37  Gateway  
  62  5:40  Adept  
  62  5:42  Gateway  
  64  6:07  Nexus, Pylon x2  
  64  6:09  Pylon  
  64  6:14  Zealot x4  
  64  6:16  Immortal  
  76  6:21  Assimilator  
  76  6:22  Robotics Facility  
  76  6:25  Assimilator  
  76  6:29  Pylon  
  76  6:31  Pylon  
  76  6:34  Probe  
  76  6:35  Probe  
  76  6:36  Adept x2  
  82  6:47  Probe  
  83  6:54  Probe  
  83  6:59  Probe  
  85  7:06  Probe  
  84  7:11  Probe  
  85  7:21  Probe  
  85  7:22  Zealot x5  
  94  7:23  Zealot  
  94  7:24  Probe  
  99  7:34  Probe x2  
  99  7:35  Immortal  
  99  7:36  Probe, Immortal  
  106  7:46  Probe x2, Zealot x2  
  106  7:47  Zealot x4  
  106  7:48  Probe  
  121  7:58  Probe (Chrono Boost)  
  121  7:59  Assimilator  
  121  8:01  Assimilator, Pylon  
  121  8:02  Pylon  
  121  8:04  Forge  
  124  8:13  Probe x2 (Chrono Boost)  
  124  8:14  Immortal  
  128  8:22  Zealot x2  
  128  8:23  Zealot x3  
  135  8:34  Probe  
  135  8:41  Probe  
  129  8:46  Robotics Bay  
  129  8:51  Protoss Ground Weapons Level 1 (Chrono Boost)  
  129  8:52  Probe  
  129  8:55  Immortal x2  
  136  8:58  Sentry  
  136  8:59  Sentry x3  
  140  9:16  Pylon, Zealot x2  
  144  9:17  Pylon  
  144  9:22  Zealot x2  
  148  9:26  Pylon  
  148  9:28  Photon Cannon  
  148  9:31  Pylon  
  148  9:50  Zealot x2  
  148  9:51  Zealot x3  
  156  10:08  Zealot  
  156  10:11  Probe  
  156  10:12  Zealot  
  156  10:13  Zealot  
  129  10:24  Immortal x2  
  113  10:57  Zealot x6  
  113  11:00  Colossus (Chrono Boost)  
  133  11:11  Immortal (Chrono Boost)  
  133  11:14  Probe  
  133  11:15  Oracle  
  133  11:17  Photon Cannon  
  134  11:23  Nexus  
  137  11:28  Pylon  
  137  11:35  Sentry x2  
  141  11:44  Zealot x4  
  118  12:03  Zealot x2  
Tags
 
Add a new tag
Caveats
  • Supply blocks, unpowered buildings, or Contaminate may cause inaccurate times.
  • Supply counts are checked every 10 seconds.